 Dungeon Crawl Stone Soup version 0.25.1-2-g60ff931df9 (webtiles) character file.

Game seed: 5635227151468339691

34358 GameOver the Black Sun (level 13, 0/94 HPs)
             Began as a Naga Wizard on July 29, 2020.
             Was a High Priest of Kikubaaqudgha.
             Slain by a black mamba (5 damage)
             ... on level 6 of the Lair of Beasts on Aug 1, 2020.
             The game lasted 02:50:09 (14383 turns).

GameOver the Black Sun (Naga Wizard)               Turns: 14383, Time: 02:50:09

Health: 0/94       AC: 10    Str: 13    XL:     13   Next: 76%
Magic:  32/36      EV: 15    Int: 22    God:    Kikubaaqudgha [*****.]
Gold:   1058       SH:  0    Dex: 10    Spells: 5/33 levels left

rFire    . . .     SeeInvis +   w - +6 demon trident (elec)
rCold    . . .     Gourm    .   (no shield)
rNeg     + . .     Faith    .   l - +0 steam dragon scales (curse)
rPois    +         Spirit   .   b - +0 helmet
rElec    .         Reflect  .   (no cloak)
rCorr    .         Harm     .   x - +0 pair of gloves
MR       +++..                  (no barding)
Stlth    +++++.....             S - amulet of Xaihit {RegenMP rN+ MP+9}
HPRegen  0.25/turn              W - +4 ring of evasion
MPRegen  0.50/turn              M - ring "Benejumm" {MR++ Str+2 SInv Stlth+}

@: very slow
A: large, see invisible, deformed body, poison resistance, slowness 2, slow
metabolism 1, spit poison 1, constrict 1, AC +4
a: Spit Poison, Receive Corpses, Torment, Renounce Religion


You were on level 6 of the Lair of Beasts.
You worshipped Kikubaaqudgha.
Kikubaaqudgha was extremely pleased with you.
You were very hungry.

You visited 3 branches of the dungeon, and saw 18 of its levels.
You also visited: Volcano.

You collected 1058 gold pieces.

Inventory:

Hand Weapons
 v - a +2 trident of flaming
 w - a +6 demon trident of electrocution (weapon)
 C - a +1 vorpal dire flail
 N - a +3 morningstar of protection
 P - a +2 broad axe of flaming
Armour
 b - a +0 helmet (worn)
 l - cursed +0 steam dragon scales (worn)
 x - a +0 pair of gloves (worn)
 z - a +2 leather armour of positive energy
 T - the cursed +1 ring mail "Fedot" {rC+, unknown}
   (You found it on level 3 of the Lair of Beasts)

   It protects you from cold.
   It has a curse placed upon it.
Magical Staves
 p - an uncursed staff of cold
Jewellery
 g - an uncursed ring of resist corrosion
 I - an uncursed ring of fire
 M - the ring "Benejumm" (right hand) {MR++ Str+2 SInv Stlth+}
   (You found it on level 6 of the Dungeon)

   [ring of stealth]

   It affects your strength (+2).
   It affects your resistance to hostile enchantments.
   It lets you see invisible.
   It makes you more stealthy.
 S - the amulet of Xaihit (around neck) {RegenMP rN+ MP+9}
   (You acquired it on level 3 of the Lair of Beasts)

   [amulet of magic regeneration]

   It increases your magic regeneration.
   It protects you from negative energy.
   It affects your magic capacity (+9).
 W - a +4 ring of evasion (left hand)
Wands
 q - a wand of disintegration (11)
 r - a wand of clouds (5)
 A - a wand of paralysis (12)
 J - a wand of iceblast (1)
 K - a wand of digging (7)
 Q - a wand of acid (10)
Scrolls
 a - a scroll of vulnerability
 c - 4 scrolls of amnesia
 e - 10 scrolls of remove curse
 i - a scroll of immolation
 o - 4 scrolls of teleportation
 s - 3 scrolls of enchant armour
 D - 9 scrolls of blinking
 E - 3 scrolls of fog
 G - a scroll of identify
 L - 2 scrolls of magic mapping
 R - a scroll of fear
 X - a scroll of holy word
Potions
 f - 3 potions of might
 h - 4 potions of stabbing
 j - 2 potions of brilliance
 k - 3 potions of haste
 m - 3 potions of berserk rage
 n - 2 potions of curing
 t - 2 potions of magic
 u - 3 potions of flight
 B - 5 potions of lignification
 F - 2 potions of ambrosia
 H - a potion of mutation
 O - a potion of cancellation
Miscellaneous
 y - a phantom mirror
 V - a box of beasts
Comestibles
 d - 25 rations


   Skills:
 - Level 6.0 Maces & Flails
 * Level 2.5 Polearms
 - Level 5.0 Armour
 - Level 5.0 Dodging
 + Level 10.0 Stealth
 + Level 10.7 Spellcasting
 - Level 6.0 Conjurations
   Level 1.0 Summonings
 + Level 12.2 Necromancy
 - Level 3.0 Translocations
 - Level 9.0 Poison Magic
 - Level 5.0 Evocations


You had 5 spell levels left.
You knew the following spells:

 Your Spells              Type           Power        Failure   Level  Hunger
a - Magic Dart            Conj           ####         1%          1    None
b - Blink                 Tloc           N/A          2%          2    None
c - Dispel Undead         Necr           ######..     1%          4    #......
d - Mephitic Cloud        Conj/Pois/Air  ####....     2%          3    None
f - Conjure Flame         Conj/Fire      ####....     4%          3    None
q - Animate Dead          Necr           N/A          1%          4    #......
s - Agony                 Necr           ######..     1%          5    ####...
Z - Death Channel         Necr           ######....   6%          6    ######.

Your spell library contained the following spells:

 Spells                   Type           Power        Failure   Level  Hunger
 Animate Skeleton         Necr           N/A          1%          1    None
 Pain                     Necr           ####         1%          1    None
 Poisonous Vapours        Pois/Air       ####..       1%          2    None
 Sublimation of Blood     Necr           ######....   1%          2    None
 Vampiric Draining        Necr           ######....   1%          3    None
 Summon Small Mammal      Summ           ###.         3%          1    None
 Shroud of Golubria       Chrm/Tloc      ###...       4%          2    None
 Infusion                 Chrm           ##..         5%          1    None
 Call Imp                 Summ           ###.....     5%          2    None
 Slow                     Hex            ##......     9%          2    None
 Song of Slaying          Chrm           ##......     9%          2    None
 Call Canine Familiar     Summ           ###.....     11%         3    None
 Excruciating Wounds      Chrm/Necr      #####.....   13%         5    ####...
 Summon Guardian Golem    Hex/Summ       ##......     14%         3    None
 Ozocubu's Armour         Chrm/Ice       ##......     17%         3    None
 Spectral Weapon          Hex/Chrm       ##......     17%         3    None
 Summon Ice Beast         Ice/Summ       ##......     41%         4    #......
 Summon Lightning Spire   Summ/Air       ##......     41%         4    #......
 Freezing Cloud           Conj/Ice/Air   ###.......   98%         6    ######.
 Ring of Flames           Chrm/Fire      ##........   100%        7    #######


Dungeon Overview and Level Annotations

Branches:
Dungeon (11/15)            Temple (1/1) D:4            Lair (6/6) D:8
  Swamp (0/4) Lair:2       Spider (0/4) Lair:2        Slime (0/5) Lair:5
    Orc (0/2) D:10        Volcano (visited)

Altars:
Ashenzari
Cheibriados
Dithmenos
Elyvilon
Fedhas
Gozag
Hepliaklqana
Kikubaaqudgha
Makhleb
Nemelex Xobeh
Okawaru
Qazlal
Ru
Sif Muna
Trog
Uskayaw
Vehumet
Wu Jian
Xom
Yredelemnul
Zin
The Shining One


Innate Abilities, Weirdness & Mutations

You cannot wear boots.
Your serpentine skin is tough. (AC +4)
You have supernaturally acute eyesight. (SInv)
Armour fits poorly on your strangely shaped body.
Your system is resistant to poisons. (rPois)
You cover ground very slowly.
You have a slow metabolism.
You can spit poison.
You can use your snake-like lower body to constrict enemies.


Message History

The wyvern bites your eight-headed hydra zombie!
Your eight-headed hydra zombie bites the black mamba but does no damage.
Your eight-headed hydra zombie barely misses the black mamba.
Your eight-headed hydra zombie closely misses the black mamba.
Your eight-headed hydra zombie bites the black mamba!
Your eight-headed hydra zombie closely misses the black mamba.
Your eight-headed hydra zombie bites the black mamba.
Your eight-headed hydra zombie barely misses the black mamba.
Your eight-headed hydra zombie bites the black mamba but does no damage.
Attack whom?
Press: ? - help, Dir - move target cursor, f/p - black mamba
Aim: a black mamba (almost dead)
You hit the black mamba. Your grab misses the black mamba.
The black mamba is almost dead.
The black mamba bites you!
* * * LOW HITPOINT WARNING * * *
The wyvern bites your eight-headed hydra zombie!!
The black mamba bites you.
You die...
Kikubaaqudgha rasps: "You have failed me!
Welcome... death!" .<..# ... #...# ... ### .P†.# ... #...# .. #. .P..PPP

........## #.. ##
#....P............
... # #........
...#...## ..# #
.#....... ..†.#.#
#.## #....#... #lZ.#
#.# ....##. ##S.# #.
#.@.# #. ##..# #.
#...# #... #. #..##
#...###. ##..#
##.....#. ##...#
#..)..##. #.#..#
#....### ##...####
#..###P
##P..##.######....#.


You could see a black mamba, a wyvern and a friendly eight-headed hydra zombie.

Vanquished Creatures
  4 hydras
  2 two-headed ogres
  11 death yaks
  Urug (D:10)
  A sun demon (Volcano)
  A hell knight (Volcano)
  2 ugly things (D:11)
  A cyclops (D:11)
  3 black mambas
  An elephant (Lair:5)
  Joseph (D:8)
  A torpor snail (Lair:6)
  Maggie (Lair:2)
  4 komodo dragons
  A spiny frog (Lair:4)
  A rime drake (Lair:5)
  3 red devils (Volcano)
  3 polar bears (Lair:5)
  A troll (D:10)
  A hornet (D:11)
  Sigmund (D:6)
  A hippogriff (Lair:2)
  4 hogs (D:7)
  A spriggan (Lair:6)
  3 fire bats (Lair:2)
  13 yaks
  A human (D:7)
  3 basilisks
  2 hungry ghosts
  Edmund (D:4)
  2 swamp worms (Lair:2)
  9 water moccasins
  3 hell hounds (Volcano)
  8 porcupines
  A black bear (D:8)
  An ice beast (D:5)
  4 sky beasts
  7 orc warriors
  A phantom (D:4)
  3 necrophages
  3 ogres
  11 wolves
  9 centaurs
  14 crocodiles
  Blork the orc (D:6)
  4 big kobolds
  9 bullfrogs
  2 scorpions
  A water moccasin zombie (D:8)
  14 wights
  2 electric eels (Lair:3)
  6 howler monkeys
  5 crimson imps
  A centaur zombie (D:8)
  5 hounds
  2 quasits
  2 bullfrog skeletons
  6 orc priests
  4 jellies
  2 centaur skeletons
  4 iguanas
  7 orc wizards
  5 worker ants
  A killer bee zombie (D:5)
  A hound zombie (D:11)
  A hound skeleton (D:11)
  A howler monkey skeleton (D:8)
  A howler monkey zombie (D:8)
  4 gnolls (D:4)
  9 adders
  3 shadow imps
  An ooze (D:1)
  A worm (D:2)
  8 leopard geckos
  51 orcs
  A ball python (D:2)
  6 giant cockroaches
  9 goblins
  5 hobgoblins
  17 jackals
  2 quokkas
  9 bats
  5 frilled lizards
  A giant cockroach zombie (D:5)
  20 kobolds
  A leopard gecko zombie (D:6)
  A quokka skeleton (D:5)
  9 rats
400 creatures vanquished.

Vanquished Creatures (collateral kills)
  2 death yaks (Lair:6)
  An oklob plant (Lair:4)
  2 elephants (Lair:5)
  A spiny frog (Lair:6)
  2 water moccasins (Lair:6)
  A black bear (Lair:6)
  A wolf (Lair:6)
  An orc (D:7)
11 creatures vanquished.

Vanquished Creatures (others)
  17 fungi
  10 plants
27 creatures vanquished.

Grand Total: 438 creatures vanquished

Notes
Turn   | Place    | Note
-------+----------+-------------------------------------------
     0 | D:1      | GameOver the Naga Wizard began the quest for the Orb.
     0 | D:1      | Reached XP level 1. HP: 15/15 MP: 4/4
    86 | D:1      | Reached XP level 2. HP: 17/22 MP: 1/6
   373 | D:1      | Reached XP level 3. HP: 25/28 MP: 4/7
   783 | D:2      | Found a blossoming altar of Fedhas.
   838 | D:2      | Reached XP level 4. HP: 36/36 MP: 6/8
   843 | D:2      | Learned a level 2 spell: Blink
   847 | D:2      | Learned a level 3 spell: Mephitic Cloud
   851 | D:2      | Learned a level 3 spell: Conjure Flame
  1231 | D:3      | Noticed an orc warrior
  1332 | D:3      | Reached skill level 1 in Poison Magic
  1356 | D:3      | Found a shadowy altar of Dithmenos.
  1362 | D:3      | Found a basalt altar of Yredelemnul.
  1363 | D:3      | Found a hazy altar of Hepliaklqana.
  1363 | D:3      | Found an ancient bone altar of Kikubaaqudgha.
  1363 | D:3      | Found a sparkling altar of Nemelex Xobeh.
  1553 | D:3      | Became a worshipper of Kikubaaqudgha
  1571 | D:3      | Reached XP level 5. HP: 42/42 MP: 7/9
  1740 | D:3      | Killed an orc warrior
  1740 | D:3      | Reached skill level 5 in Conjurations
  1851 | D:4      | Reached XP level 6. HP: 36/49 MP: 6/10
  1860 | D:4      | Noticed Edmund
  1890 | D:4      | Killed Edmund
  1975 | D:4      | Found a burning altar of Makhleb.
  2060 | D:4      | Found a staircase to the Ecumenical Temple.
  2069 | Temple   | Entered the Ecumenical Temple
  2320 | D:4      | Noticed a phantom
  2322 | D:4      | Reached skill level 5 in Poison Magic
  2322 | D:4      | Reached XP level 7. HP: 27/55 MP: 3/11
  2717 | D:5      | Entered Level 5 of the Dungeon
  2747 | D:5      | Reached skill level 5 in Stealth
  2824 | D:5      | Reached XP level 8. HP: 31/61 MP: 3/12
  2933 | D:5      | Reached * piety under Kikubaaqudgha
  2933 | D:5      | Identified Kikubaaqudgha's Almanac of Evil Magic
                  | (Kikubaaqudgha gifted it to you on level 5 of the Dungeon)
  2933 | D:5      | Received a gift from Kikubaaqudgha
  2951 | D:5      | Found a shattered altar of Ashenzari.
  3128 | D:5      | Identified the cursed -3 kite shield of Failure {rF+ Str+4}
  3656 | D:6      | Found a shimmering blue altar of Sif Muna.
  3871 | D:6      | Reached skill level 1 in Necromancy
  3901 | D:6      | Noticed Sigmund
  3917 | D:6      | Killed Sigmund
  3917 | D:6      | Reached skill level 1 in Armour
  3933 | D:6      | Reached XP level 9. HP: 57/67 MP: 6/13
  3936 | D:6      | Reached skill level 2 in Necromancy
  4046 | D:6      | Reached ** piety under Kikubaaqudgha
  4083 | D:6      | Noticed Blork the orc
  4091 | D:6      | Killed Blork the orc
  4118 | D:6      | Got a scorched steel ring
  4120 | D:6      | Identified the ring "Benejumm" {MR++ Str+2 SInv Stlth+}
                  | (You found it on level 6 of the Dungeon)
  4375 | D:7      | Reached skill level 3 in Necromancy
  5057 | D:7      | Reached skill level 4 in Necromancy
  5304 | D:8      | Noticed Joseph
  5312 | D:8      | Reached skill level 5 in Necromancy
  5313 | D:8      | Noticed a two-headed ogre
  5567 | D:8      | Killed Joseph
  5567 | D:8      | Reached XP level 10. HP: 25/74 MP: 3/15
  5631 | D:8      | Reached skill level 6 in Necromancy
  5689 | D:8      | Reached skill level 5 in Armour
  5725 | D:8      | Found a staircase to the Lair.
  5769 | D:8      | Reached *** piety under Kikubaaqudgha
  5769 | D:8      | Identified Kikubaaqudgha's Volume of Evil Arts
                  | (Kikubaaqudgha gifted it to you on level 8 of the Dungeon)
  5769 | D:8      | Received a gift from Kikubaaqudgha
  5798 | D:8      | Reached skill level 1 in Maces & Flails
  5871 | D:8      | Killed a two-headed ogre
  6014 | D:8      | Found a hide-covered altar of Uskayaw.
  6557 | D:9      | Learned a level 4 spell: Dispel Undead
  6563 | D:9      | Learned a level 5 spell: Agony
  6789 | D:9      | Reached skill level 7 in Necromancy
  6879 | D:9      | Reached skill level 5 in Spellcasting
  7175 | D:10     | Entered Level 10 of the Dungeon
  7182 | D:10     | Noticed Urug
  7323 | D:10     | Found a staircase to the Orcish Mines.
  7378 | D:10     | Reached skill level 5 in Maces & Flails
  7430 | D:10     | Reached **** piety under Kikubaaqudgha
  7437 | D:10     | Noticed a two-headed ogre
  7491 | D:10     | Killed a two-headed ogre
  7491 | D:10     | Reached XP level 11. HP: 55/80 MP: 11/19
  8004 | D:11     | Noticed a white ugly thing
  8018 | D:11     | Killed a white ugly thing
  8043 | D:11     | Noticed a cyclops
  8209 | D:11     | Reached skill level 8 in Necromancy
  8213 | D:11     | Noticed a green ugly thing
  8233 | D:11     | Killed a brown ugly thing
  8391 | D:11     | Reached skill level 1 in Evocations
  8607 | D:11     | Got a pitted rapier
  8612 | D:11     | Identified the cursed +2 rapier of Stickiness {speed,
                  | Str+2} (You found it on level 11 of the Dungeon)
  8981 | D:11     | Killed a cyclops
  9279 | D:10     | Killed Urug
  9424 | Lair:1   | Entered Level 1 of the Lair of Beasts
  9457 | Lair:1   | Reached skill level 9 in Necromancy
  9629 | Lair:1   | Reached ***** piety under Kikubaaqudgha
  9910 | Lair:1   | Got a brightly glowing steel amulet
  9912 | Lair:1   | Identified the amulet of Tuezye Qaic {Acrobat rN++ Dex+3
                  | Stlth-} (You found it on level 1 of the Lair of Beasts)
 10191 | Lair:2   | Reached XP level 12. HP: 70/88 MP: 13/23
 10225 | Lair:2   | Noticed a five-headed hydra
 10331 | Lair:2   | Found a dark tunnel.
 10340 | Volcano  | Entered a volcano
 10400 | Volcano  | Noticed a sun demon
 10404 | Volcano  | Killed a sun demon
 10404 | Volcano  | Reached skill level 5 in Evocations
 10682 | Lair:2   | Found a hole to the Spider Nest.
 10703 | Lair:2   | Noticed Maggie
 10719 | Lair:2   | Killed Maggie
 10792 | Lair:2   | Killed a five-headed hydra
 10890 | Lair:2   | Noticed a five-headed hydra
 10902 | Lair:2   | Killed a five-headed hydra
 11011 | Lair:2   | Reached skill level 5 in Dodging
 11034 | Lair:2   | Reached skill level 10 in Necromancy
 11164 | Lair:3   | Noticed a seven-headed hydra
 11172 | Lair:3   | Killed a seven-headed hydra
 11454 | Lair:3   | Learned a level 6 spell: Death Channel
 11467 | Lair:3   | Identified 2 scrolls of acquirement
 11468 | Lair:3   | Acquired the amulet of Xaihit {RegenMP rN+ MP+9}
 11472 | Lair:3   | Acquired a book of Clouds
 11769 | Lair:3   | Got a smoking ring mail
 12208 | Lair:4   | Found a bloodstained altar of Trog.
 12456 | Lair:4   | Noticed a death yak
 12469 | Lair:4   | Noticed a death yak
 12469 | Lair:4   | Noticed a death yak
 12471 | Lair:4   | Noticed a death yak
 12472 | Lair:4   | Noticed a death yak
 12474 | Lair:4   | Killed a death yak
 12474 | Lair:4   | Gained mutation: You can use your snake-like lower body to
                  | constrict enemies. [Naga growth]
 12474 | Lair:4   | Reached XP level 13. HP: 86/94 MP: 23/26
 12509 | Lair:4   | Reached skill level 11 in Necromancy
 13466 | Lair:5   | Reached skill level 10 in Spellcasting
 13518 | Lair:5   | Found a staircase to the Slime Pits.
 13630 | Lair:4   | Learned a level 4 spell: Animate Dead
 14003 | Lair:5   | Reached skill level 12 in Necromancy
 14096 | Lair:6   | Entered Level 6 of the Lair of Beasts
 14227 | Lair:6   | Reached skill level 1 in Polearms
 14374 | Lair:6   | Reached skill level 10 in Stealth
 14383 | Lair:6   | Slain by a black mamba

Illustrated notes

Levels and vault maps discovered:
D:1:      sevenhm_arrival_forest_fort_large_2, layout_loops_ring,
          chequers_serial_rivers_small_b, minmay_splitting_lines
D:2:      layout_basic, fedhas_altar_1
D:3:      layout_rooms, grunt_temple_overflow_open, first_ration
D:4:      layout_cave_pools, nicolae_overflow_hidden_temple, temple_fountains,
          serial_bayou_lagoon_b, uniq_edmund
D:5:      layout_gridville, nicolae_overflow_crystal_walls
D:6:      layout_basic, led_sif_pool, uniq_sigmund, uniq_blork_the_orc
D:7:      layout_basic, grunt_livestock
D:8:      layout_basic, minmay_lair_entry_grove, minmay_ruined_shrine,
          uniq_joseph
D:9:      layout_loops_corners
D:10:     layout_gridville, orc_0_dummy, uniq_urug
D:11:     layout_grid_maze, serial_undead, serial_undead_f, serial_undead_e,
          serial_undead_f, serial_undead_c
Temple:   dpeg_chambers_temple
Lair:1:   layout_chaotic_city, lemuel_fruit_tree
Lair:2:   layout_chaotic_city, palyth_hydra_swamp_entry, dummy_spider_entry,
          nicolae_volcano_entry_batcave, uniq_maggie
Lair:3:   layout_chaotic_city, serial_bayou_shore_a
Lair:4:   layout_cave_pods, lemuel_oklob_altar, serial_bayou_shore_b
Lair:5:   layout_cave_pods, slime_dummy, grunt_megastairs_1
Lair:6:   minmay_lair_end_enchanted_forest, layout_long_grid

Skill      XL: |  1  2  3  4  5  6  7  8  9 10 11 12 13 |
---------------+----------------------------------------+-----
Conjurations   | 2 3 4 5 6 |  6.0
Poison Magic   | 1 3 5 6 8 9 |  9.0
Stealth        | 5 8 9 10 | 10.0
Translocations | 2 3 |  3.0
Necromancy     | 1 5 7 9 10 12 | 12.2
Armour         | 1 4 5 |  5.0
Maces & Flails | 5 6 |  6.0
Spellcasting   | 5 7 9 10 | 10.7
Evocations     | 4 5 |  5.0
Dodging        | 2 5 |  5.0
Polearms       | 2 |  2.5
Summonings     | |  1.0

Action                   |  1- 3 |  4- 6 |  7- 9 | 10-12 | 13-15 || total
-------------------------+-------+-------+-------+-------+-------++-------
Melee: Hand axe          |    10 |       |       |       |       ||    10
       Spear             |    11 |    10 |       |     6 |       ||    27
       Mace              |       |    34 |   164 |     7 |       ||   205
       Morningstar       |       |       |       |   373 |    66 ||   439
       Demon trident     |       |       |       |       |    39 ||    39
       Constrict         |       |       |       |       |    17 ||    17
 Cast: Magic Dart        |    45 |    49 |    98 |   182 |    17 ||   391
       Mephitic Cloud    |       |    12 |    28 |    81 |    40 ||   161
       Conjure Flame     |       |       |     8 |    30 |    13 ||    51
       Blink             |       |       |     1 |     8 |     2 ||    11
       Dispel Undead     |       |       |       |    16 |       ||    16
       Agony             |       |       |       |    22 |    10 ||    32
       Animate Dead      |       |       |       |       |     5 ||     5
Invok: Receive Corpses   |       |       |       |       |     4 ||     4
       Torment           |       |       |       |       |     1 ||     1
 Abil: Spit Poison       |    34 |    50 |    71 |   170 |    34 ||   359
Evoke: Wand              |       |       |       |    11 |     4 ||    15
  Use: Potion            |       |     1 |     4 |    10 |       ||    15
       Scroll            |       |       |     2 |    20 |     9 ||    31
 Stab: Confused          |       |     4 |    20 |    35 |     6 ||    65
       Sleeping          |       |     1 |       |     5 |     1 ||     7
       Distracted        |       |       |       |       |     1 ||     1
  Eat: Chunk             |     1 |     8 |    17 |    38 |     4 ||    68
       Ration            |       |       |       |     1 |     1 ||     2
Armor: Robe              |    13 |    17 |     4 |       |       ||    34
       Leather armour    |       |       |    70 |   156 |       ||   226
       Skin              |       |       |       |   124 |       ||   124
       Steam dragon scal |       |       |       |    20 |    22 ||    42
Dodge: Dodged            |    17 |    46 |   104 |   227 |    55 ||   449
